 Dungeon Crawl Stone Soup version 0.20.1-1-g8b1a95d (webtiles) character file.

72 Tr0llz0r the Skirmisher (level 4, 0/40 HPs)
             Began as a Centaur Fighter on Aug 24, 2017.
             Succumbed to an adder's poison
             ... on level 3 of the Dungeon.
             The game lasted 00:12:33 (2948 turns).

Tr0llz0r the Skirmisher (Centaur Fighter)           Turns: 2948, Time: 00:12:34

Health: 0/40       AC:  6    Str: 19    XL:     4   Next: 7%
Magic:  4/4        EV:  5    Int:  7    God:
Gold:   188        SH:  8    Dex:  9    Spells: 3/3 levels left

rFire    . . .     SeeInvis .   n - +0 spear
rCold    . . .     Gourm    .   c - +0 shield
rNeg     . . .     Faith    .   b - +0 scale mail
rPois    .         Spirit   .   (no helmet)
rElec    .         Reflect  .   (no cloak)
rCorr    .         Harm     .   (no gloves)
MR       .....                  (no barding)
Stlth    ..........             (no amulet)
Regen    0.2/turn               (no ring)
MPRegen  0.1/turn               (no ring)

@: lethally poisoned (0 -> -1), fainting, very quick
A: hooves 3, deformed body, speed 2, tough skin 3
a: no special abilities


You were on level 3 of the Dungeon.
You were fainting.

You visited 1 branch of the dungeon, and saw 3 of its levels.

You collected 188 gold pieces.

Inventory:

Hand Weapons
 a - a +0 long sword
 j - a +0 whip
 n - a +0 spear (weapon)
 t - a cursed +0 mace
Missiles
 i - 2 throwing nets (quivered)
 k - 32 stones
 l - 27 sling bullets
 q - 13 poisoned needles
 r - 16 arrows
 w - 11 bolts
Armour
 b - a +0 scale mail (worn)
 c - a +0 shield (worn)
Scrolls
 g - a scroll of enchant weapon {unknown}
 h - 2 scrolls of amnesia {unknown}
 m - 5 scrolls of teleportation {unknown}
 o - a scroll of recharging {unknown}
 x - a scroll of immolation {unknown}
 y - a scroll of fear {unknown}
 B - a scroll of noise {unknown}
Potions
 d - a potion of might
 e - 2 potions of curing {unknown}
 p - 2 potions of berserk rage {unknown}
 s - a potion of degeneration {unknown}
 u - a potion of flight {unknown}
 v - 2 potions of heal wounds {unknown}
 z - a potion of agility {unknown}
 A - a potion of mutation {unknown}
Comestibles
 f - a bread ration


   Skills:
 + Level 3.7 Fighting
 + Level 2.1 Long Blades
 + Level 0.1 Polearms
 + Level 2.6 Armour
 + Level 0.3 Dodging
 + Level 2.5 Shields


You had 3 spell levels left.
You didn't know any spells.

Dungeon Overview and Level Annotations

Branches:
Dungeon (3/15)

Altars:
Uskayaw


Innate Abilities, Weirdness & Mutations

You have hooves in place of feet.
Armour fits poorly on your strangely shaped body.
You cover ground very quickly.
You have extremely tough skin. (AC +3)


Message History

The adder barely misses you.
You feel sick. The adder completely misses you.
You feel sick.
You open the door. The adder bites you but does no damage.
You block the adder's attack.
There is an open door here.
An adder comes into view.
The adder hisses angrily.
You feel sick. You block the adder's attack.
Found 11 gold pieces.
You hit the adder but do no damage. You block the adder's attack.
The adder bites you but does no damage. The adder bites you.
* * * LOW HITPOINT WARNING * * *
You barely miss the adder. Your kick misses the adder. The adder bites you.
* * * LOW HITPOINT WARNING * * *
You block the adder's attack. x2
You miss the adder.
You die...

...... ..... ..$. #######
#... #.....# #... #.....#
#... #.....#
####...####.....#
......S@S.'.....#
#################..÷..#
##...........†.# #.....#
#....%....####?###.....#####
#.........# #.##[.........#
#.........# #.##..........#
#.........# ##'##..........#
#.........###..............#
#..........................#


You could see 2 adders.

Vanquished Creatures
  2 adders (D:2)
  An ooze (D:1)
  A worm (D:3)
  A dart slug (D:1)
  A leopard gecko (D:2)
  An orc (D:3)
  A giant cockroach (D:1)
  5 goblins
  8 hobgoblins
  2 jackals (D:2)
  5 kobolds
  2 ball pythons
  3 bats
  3 frilled lizards
  8 rats
44 creatures vanquished.

Notes
Turn   | Place    | Note
-------+----------+-------------------------------------------
     0 | D:1      | Tr0llz0r the Centaur Fighter began the quest for the Orb.
     0 | D:1      | Reached XP level 1. HP: 19/19 MP: 1/1
   184 | D:1      | Reached XP level 2. HP: 22/26 MP: 2/2
  1281 | D:1      | Reached XP level 3. HP: 31/31 MP: 3/3
  1647 | D:2      | Found a hide-covered altar of Uskayaw.
  2423 | D:3      | Reached XP level 4. HP: 6/40 MP: 4/4
  2824 | D:3      | Paralysed by fainting for 10 turns
  2846 | D:3      | Paralysed by fainting for 5 turns
  2881 | D:3      | Paralysed by fainting for 7 turns
  2946 | D:3      | HP: 2/40 [adder (1)]
  2948 | D:3      | Succumbed to an adder's poison

Skill      XL: |  1  2 |
---------------+-------+-----
Long Blades    | 2 |  2.1
Fighting       | |  3.7
Polearms       | |  0.1
Armour         | |  2.6
Dodging        | |  0.3
Shields        | |  2.5

Action                   |  1- 3 |  4- 6 || total
-------------------------+-------+-------++-------
Melee: Long sword        |    31 |       ||    31
       Kick              |    18 |     4 ||    22
       Spear             |    70 |    11 ||    81
  Eat: Chunk             |     1 |       ||     1
Armor: Scale mail        |    83 |    22 ||   105
Dodge: Dodged            |    30 |    13 ||    43
Block: Shield            |    63 |    19 ||    82
       Rpst.: Long sword |     2 |       ||     2
